 Dungeon Crawl Stone Soup version 0.28.0-53-g5a82cb258f (webtiles) character file.

Game seed: 13565492152920375214

7100 Peloso the Carver (level 10, -14/89 HPs)
             Began as a Minotaur Fighter on June 4, 2022.
             Was a High Priest of Okawaru.
             Demolished by Grum
             ... wielding a -2 glaive of flaming
              (25 damage)
             ... on level 10 of the Dungeon.
             The game lasted 00:16:20 (9559 turns).

Peloso the Carver (Minotaur Fighter)                Turns: 9559, Time: 00:16:20

Health: -14/89     AC: 15    Str: 23    XL:     10   Next: 84%
Magic:  10/10      EV:  9    Int:  5    God:    Okawaru [*****.]
Gold:   647        SH: 11    Dex: 12    Spells: 9/9 levels left

rFire   . . .      SeeInvis .   a - +0 long sword
rCold   + . .      Faith    .   c - +0 buckler
rNeg    . . .      Spirit   .   j - +2 chain mail {rC+}
rPois   .          Reflect  +   M - +1 hat {Stlth+}
rElec   .          Harm     .   O - +0 cloak
rCorr   .          Rampage  .   (no gloves)
Will    .....                   (no boots)
Stlth   ..........              l - amulet of reflection
HPRegen 0.24/turn               (no ring)
MPRegen 0.12/turn               (no ring)

@: slowed, very slow
A: horns 2, retaliatory headbutt
a: Renounce Religion, Heroism, Finesse, Duel


You were on level 10 of the Dungeon.
You worshipped Okawaru.
Okawaru was extremely pleased with you.
You visited 2 branches of the dungeon, and saw 11 of its levels.

You collected 647 gold pieces.

Inventory:

Hand Weapons
 a - a +0 long sword (weapon)
 b - a +1 short sword of flaming
Missiles
 p - a throwing net (quivered)
Armour
 c - a +0 buckler (worn)
 j - a +2 chain mail of cold resistance (worn)
 M - a +1 hat of stealth (worn)
 O - a +0 cloak (worn)
Jewellery
 f - a ring of magical power
 h - a +6 ring of intelligence
 l - an amulet of reflection (around neck)
 L - a ring of see invisible
Wands
 i - a wand of flame (23)
 t - a wand of digging (8)
 y - a wand of acid (11)
 J - a wand of iceblast (6)
Scrolls
 k - 2 scrolls of fog
 m - a scroll of blinking
 o - a scroll of amnesia
 u - 2 scrolls of vulnerability {unknown}
 v - 2 scrolls of magic mapping {unknown}
 x - 4 scrolls of immolation {unknown}
 E - a scroll of holy word {unknown}
 G - a scroll of enchant weapon {unknown}
 H - a scroll of noise {unknown}
 I - a scroll of fear {unknown}
 K - a scroll of identify
Potions
 d - a potion of might
 e - 2 potions of brilliance
 g - a potion of resistance {unknown}
 n - a potion of mutation
 q - a potion of curing
 s - 2 potions of heal wounds {unknown}
 w - 3 potions of flight {unknown}
 z - 2 potions of lignification {unknown}
 A - 2 potions of invisibility {unknown}
 B - a potion of haste {unknown}
 C - 2 potions of berserk rage {unknown}
 D - a potion of magic {unknown}
 F - a potion of cancellation {unknown}
Miscellaneous
 N - a lightning rod (4/4)


   Skills:
 + Level 8.3 Fighting
 + Level 12.2 Long Blades
 + Level 9.7 Armour
 + Level 4.1 Dodging
 + Level 0.9 Stealth
 + Level 10.0 Shields
 + Level 1.5 Invocations
 + Level 0.8 Evocations


You had 9 spell levels left.
You didn't know any spells.
Your spell library contained the following spells:

 Spells                   Type           Power      Damage    Failure   Level
 Sting                    Tmut/Pois      0%         1d3       98%         1
 Ensorcelled Hibernation  Hex/Ice        0%         N/A       99%         2
 Poisonous Vapours        Pois/Air       0%         N/A       99%         2
 Gell's Gravitas          Tloc           0%         N/A       100%        3
 Lesser Beckoning         Tloc           0%         N/A       100%        3
 Spider Form              Tmut/Pois      0%         N/A       100%        3
 Teleport Other           Tloc           0%         N/A       100%        3
 Anguish                  Hex/Necr       0%         N/A       100%        4
 Olgreb's Toxic Radiance  Pois           0%         N/A       100%        4


Dungeon Overview and Level Annotations

Branches:
Dungeon (10/15)            Temple (1/1) D:4            Lair (0/6) D:8
    Orc: D:9-12

Altars:
Cheibriados
Dithmenos
Elyvilon
Fedhas
Kikubaaqudgha
Makhleb
Okawaru
Qazlal
Ru
Trog
Uskayaw
Vehumet
Wu Jian
Yredelemnul
Zin

Annotations:
D:10 Grum


Innate Abilities, Weirdness & Mutations

You have a pair of horns on your head.
You reflexively headbutt those who attack you in melee.


Message History

You closely miss the wraith.
The wraith is lightly damaged.
A kobold brigand comes into view.
It is wielding a +0 dagger and quivering poisoned darts.
The kobold hits you with a +0 club. The wraith hits you.
* * * LOW HITPOINT WARNING * * *
You block the wraith's attack.
As you read the scroll of teleportation, it crumbles to dust.
You feel strangely unstable. The kobold closely misses you.
The wraith barely misses you.
A kobold comes into view. It is wielding a +0 short sword.
The wraith hits you but does no damage. The wraith hits you!
* * * LOW HITPOINT WARNING * * *
The wraith drains your vigour!
You feel as though you will be slow longer.
The kobold hits you but does no damage. The wraith closely misses you.
You furiously retaliate!
You headbutt the wraith, but do no damage.
The wraith hits you.
* * * LOW HITPOINT WARNING * * *
The wraith drains your vigour!
You feel as though you will be slow longer.
You block the wraith's attack.
Your surroundings suddenly seem different.
Grum and 2 wolves come into view.
Grum is wielding a -2 glaive of flaming.
Grum growls angrily.
The wolf howls! x2
Grum moves out of view.
You block the wolf's attack. The wolf bites you but does no damage.
You block the wolf's attack. The wolf barely misses you.
You block the wolf's attack. The wolf bites you.
* * * LOW HITPOINT WARNING * * *
You block the wolf's attack. You block the wolf's attack. x2
The wolf closely misses you. The wolf bites you.
* * * LOW HITPOINT WARNING * * *
You block the wolf's attack. The wolf bites you but does no damage.
The wolf completely misses you. You block the wolf's attack.
Grum hits you from afar with a -2 glaive of flaming!!
You die...

......#.#
.....#.#
....... .....
.... #.. #
#.# .#
#@###.#
#######hh...#
.......g....#
###.........#
###.........#
............#
######......#
#......#
#.#....#


You could see Grum and 2 wolves.

Vanquished Creatures
  Gastronok (D:9)
  Josephine (D:10)
  Pikel (D:6)
  Maurice (D:10)
  Sigmund (D:2)
  A wraith (D:10)
  3 wyverns
  A water moccasin (D:7)
  3 ice beasts
  A sky beast (D:7)
  2 orc warriors
  3 black bears
  2 ogres
  2 centaurs
  A kobold brigand (D:7)
  2 bullfrogs
  8 scorpions
  15 killer bees
  A wight (D:8)
  4 howler monkeys
  A jelly (D:6)
  2 hounds
  4 centaur zombies
  4 orc priests
  A bullfrog skeleton (D:4)
  4 iguanas
  Terence (D:2)
  5 orc wizards
  4 hell rats (D:7)
  A killer bee zombie (D:9)
  Robin (D:2)
  4 gnolls
  5 river rats (D:7)
  16 adders
  A white imp (D:5)
  4 worms
  A dart slug (D:4)
  27 orcs
  6 ball pythons
  9 bats
  2 endoplasms
  4 giant cockroaches
  15 goblins
  12 hobgoblins
  7 jackals
  9 quokkas
  2 frilled lizards
  7 kobolds
  23 rats
236 creatures vanquished.

Vanquished Creatures (others)
  A kobold (D:7)
  10 fungi (D:9)
  3 plants (D:9)
14 creatures vanquished.

Grand Total: 250 creatures vanquished

Notes
Turn   | Place    | Note
-------+----------+-------------------------------------------
     0 | D:1      | Peloso the Minotaur Fighter began the quest for the Orb.
     0 | D:1      | Reached XP level 1. HP: 19/19 MP: 0/0
    73 | D:1      | Reached XP level 2. HP: 23/27 MP: 1/1
   243 | D:1      | Found a faded altar of an unknown god.
   837 | D:2      | Reached skill level 3 in Long Blades
   875 | D:2      | Noticed Sigmund
   886 | D:2      | Killed Sigmund
   887 | D:2      | Reached skill level 4 in Long Blades
   887 | D:2      | Reached XP level 3. HP: 18/34 MP: 2/2
   887 | D:2      | Reached XP level 4. HP: 22/41 MP: 3/3
   887 | D:2      | Reached XP level 5. HP: 25/47 MP: 4/4
  1215 | D:2      | Reached skill level 5 in Fighting
  1642 | D:2      | Noticed Terence
  1655 | D:2      | Reached skill level 5 in Armour
  1660 | D:2      | Killed Terence
  1661 | D:2      | Reached XP level 6. HP: 29/56 MP: 5/5
  2104 | D:2      | Noticed Robin
  2117 | D:2      | Killed Robin
  2129 | D:2      | Reached skill level 5 in Long Blades
  2636 | D:3      | Found an ancient bone altar of Kikubaaqudgha.
  2898 | D:4      | Reached skill level 1 in Dodging
  3554 | D:4      | Reached XP level 7. HP: 54/61 MP: 6/6
  3747 | D:4      | Found a staircase to the Ecumenical Temple.
  3766 | Temple   | Entered the Ecumenical Temple
  3848 | Temple   | Became a worshipper of Warmaster Okawaru
  4186 | D:5      | Entered Level 5 of the Dungeon
  4288 | D:5      | Reached skill level 6 in Long Blades
  4288 | D:5      | Reached skill level 5 in Shields
  4453 | D:5      | Reached * piety under Okawaru
  4454 | D:5      | Reached XP level 8. HP: 62/70 MP: 7/7
  4801 | D:5      | Found a burning altar of Makhleb.
  4935 | D:6      | Reached skill level 7 in Long Blades
  4948 | D:6      | Noticed Pikel
  4971 | D:6      | Killed Pikel
  4972 | D:6      | Reached skill level 8 in Long Blades
  5664 | D:6      | Reached ** piety under Okawaru
  5665 | D:6      | Reached skill level 9 in Long Blades
  5825 | D:7      | Reached XP level 9. HP: 78/78 MP: 8/8
  5895 | D:7      | Found a stormy altar of Qazlal.
  6529 | D:7      | Reached skill level 10 in Long Blades
  6927 | D:7      | Identified the +2 robe of Wyobbaal {rC+}
  7072 | D:7      | Found a shadowy altar of Dithmenos.
  7517 | D:8      | Found a staircase to the Lair.
  7531 | D:8      | Found a blossoming altar of Fedhas.
  7825 | D:8      | Reached *** piety under Okawaru
  7933 | D:8      | Reached skill level 11 in Long Blades
  8370 | D:9      | Reached XP level 10. HP: 88/88 MP: 9/9
  8378 | D:9      | Reached skill level 1 in Invocations
  9046 | D:9      | Noticed Gastronok
  9066 | D:9      | Killed Gastronok
  9066 | D:9      | Reached **** piety under Okawaru
  9320 | D:10     | Entered Level 10 of the Dungeon
  9357 | D:10     | Noticed Maurice
  9363 | D:10     | Killed Maurice
  9363 | D:10     | Reached ***** piety under Okawaru
  9364 | D:10     | Reached skill level 12 in Long Blades
  9528 | D:10     | Noticed Josephine
  9544 | D:10     | Killed Josephine
  9545 | D:10     | Reached skill level 10 in Shields
  9553 | D:10     | Noticed Grum
  9559 | D:10     | Demolished by Grum

Illustrated notes

Levels and vault maps discovered:
D:1:      wheals_arrival_linesprint, layout_basic,
          hellmonk_ecumenical_altar_run_dry, minmay_split_cup_small
D:2:      cheibrodos_greedy_goblins, layout_loops_corners, minmay_bisected,
          uniq_terence, uniq_robin, uniq_sigmund
D:3:      layout_rooms, nicolae_kikubaaqudgha_miasma_corner, nrook_mini_vaults
D:4:      layout_loops_corners, minmay_temple_entry_large_hall
D:5:      layout_basic, makhleb_heckhound_becter
D:6:      layout_basic, uniq_pikel
D:7:      lemuel_ratsnest, layout_loops_ring, grunt_dithmenos_smoke_and_mirrors,
          kennysheep_mini_moat
D:8:      layout_rooms, fedhas_altar_1, mainiacjoe_overflow_alcove_2,
          lair_entry_dummy, minmay_puff
D:9:      old_forge, layout_cave_pods, uniq_gastronok
D:10:     layout_stronghold, uniq_josephine, uniq_maurice, uniq_grum, uniq_sonja
Temple:   eino_temple_scatter_basement

Skill      XL: |  1  2  3  4  5  6  7  8  9 10 |
---------------+-------------------------------+-----
Fighting       | 4 5 6 7 8 |  8.3
Shields        | 4 5 6 8 10 | 10.0
Long Blades    | 4 5 6 9 11 12 | 12.2
Armour         | 4 5 7 8 9 |  9.7
Dodging        | 1 2 4 |  4.1
Invocations    | 1 |  1.5
Stealth        | |  0.9
Evocations     | |  0.8

Action                   |  1- 3 |  4- 6 |  7- 9 | 10-12 || total
-------------------------+-------+-------+-------+-------++-------
Melee: Long sword        |    42 |   182 |   360 |   114 ||   698
       Headbutt          |     4 |    29 |    65 |    32 ||   130
Invok: Heroism           |       |       |     6 |     2 ||     8
Evoke: Wand              |       |       |       |     6 ||     6
  Use: Scroll            |     2 |     1 |     5 |     1 ||     9
       Potion            |       |       |     2 |       ||     2
Armor: Scale mail        |    20 |    30 |       |       ||    50
       Chain mail        |       |    69 |   154 |    51 ||   274
Dodge: Dodged            |    22 |    73 |   100 |    48 ||   243
Block: Buckler           |     4 |    39 |   189 |    85 ||   317
       Reflection        |       |       |     5 |     1 ||     6
